 Dungeon Crawl Stone Soup version 0.27-a0-594-g2aaa8dbbc2 (webtiles) character file.

Game seed: 13709692513802571270

8282 Garpagan the Cleaver (level 11, -7/97 HPs)
             Began as a Hill Orc Fighter on Mar 11, 2021.
             Was a Follower of Okawaru.
             Hit by a large rock thrown by a stone giant (26 damage)
             ... on level 9 of the Dungeon.
             The game lasted 00:45:23 (12527 turns).

Garpagan the Cleaver (Hill Orc Fighter)            Turns: 12527, Time: 00:45:23

Health: -7/97      AC: 17    Str: 26    XL:     11   Next: 28%
Magic:  11/11      EV:  7    Int:  7    God:    Okawaru [*.....]
Gold:   398        SH: 12    Dex: 19    Spells: 10/10 levels left

rFire    . . .     SeeInvis .   d - +3 hand axe (freeze)
rCold    . . .     Faith    .   c - +0 kite shield
rNeg     + . .     Spirit   .   h - +0 plate armour
rPois    +         Reflect  .   (no helmet)
rElec    .         Harm     .   B - +2 ratskin cloak {*Rats rPois rN+ Str-1 Int-1 Dex+1}
rCorr    .         Rampage  .   (no gloves)
Will     .....                  (no boots)
Stlth    ..........             (no amulet)
HPRegen  0.26/turn              l - +6 ring of strength
MPRegen  0.12/turn              J - +6 ring of dexterity

@: no status effects
A: no striking features
a: Renounce Religion, Heroism


You were on level 9 of the Dungeon.
You worshipped Okawaru.
Okawaru was aware of your devotion.
You visited 2 branches of the dungeon, and saw 11 of its levels.
You also visited: Bailey.

You collected 622 gold pieces.
You spent 224 gold pieces at shops.

Inventory:

Hand Weapons
 a - a +1 war axe
 d - a +3 hand axe of freezing (weapon)
 n - a +0 mace of draining
 v - a +0 battleaxe
 I - a +1 halberd of flaming
Missiles
 L - 7 silver boomerangs (quivered)
Armour
 c - a +0 kite shield (worn)
 h - a +0 plate armour (worn)
 B - the +2 ratskin cloak (worn) {*Rats rPois rN+ Str-1 Int-1 Dex+1}
   (You found it on level 5 of the Dungeon)

   It affects your strength (-1).
   It affects your intelligence (-1).
   It affects your dexterity (+1).
   It protects you from poison.
   It protects you from negative energy.
Jewellery
 l - a +6 ring of strength (right hand)
 w - a +6 ring of strength
 J - a +6 ring of dexterity (left hand)
Wands
 b - a wand of flame (19)
 t - a wand of polymorph (14)
 x - a wand of charming (9)
 C - a wand of acid (11)
 G - a wand of iceblast (11)
Scrolls
 g - 2 scrolls of fear
 j - a scroll of magic mapping
 o - 2 scrolls of amnesia {unknown}
 q - 2 scrolls of teleportation
 r - 4 scrolls of immolation
 y - a scroll of blinking
 z - a scroll of fog {unknown}
 A - a scroll of random uselessness {unknown}
 F - a scroll of summoning {unknown}
 H - a scroll of enchant armour {unknown}
 M - a scroll of noise {unknown}
Potions
 e - 3 potions of lignification
 f - 2 potions of mutation
 i - 5 potions of curing
 k - 3 potions of invisibility
 m - 3 potions of flight {unknown}
 p - 2 potions of cancellation
 s - 2 potions of heal wounds {unknown}
 u - 2 potions of attraction
 D - a potion of haste {unknown}
 K - 2 potions of magic {unknown}


   Skills:
 + Level 9.2 Fighting
 + Level 14.9 Axes
 + Level 9.4 Armour
 + Level 2.3 Dodging
 + Level 0.2 Stealth
 + Level 6.8 Shields


You had 10 spell levels left.
You didn't know any spells.
Your spell library was empty.

Dungeon Overview and Level Annotations

Branches:
Dungeon (10/15)            Temple (1/1) D:4          Bailey (visited)
   Lair: D:8-11         Orc: D:9-12

Altars:
Ashenzari
Cheibriados
Dithmenos
Elyvilon
Fedhas
Gozag
Hepliaklqana
Kikubaaqudgha
Makhleb
Nemelex Xobeh
Okawaru
Qazlal
Ru
Sif Muna
Trog
Uskayaw
Vehumet
Wu Jian
Xom
Yredelemnul
Zin
The Shining One

Shops:
D:8 [


Message History

Your shield prevents you from hitting the boulder beetle.
The boulder beetle is lightly wounded.
You block the boulder beetle's attack.
You hit the boulder beetle. You freeze the boulder beetle.
The boulder beetle is lightly wounded.
You block the boulder beetle's attack.
You hit the boulder beetle but do no damage.
The boulder beetle is lightly wounded.
The boulder beetle bites you!!
You hit the boulder beetle but do no damage.
The boulder beetle is lightly wounded.
You hit the boulder beetle. You freeze the boulder beetle.
The boulder beetle is moderately wounded.
You block the boulder beetle's attack.
You hit the boulder beetle but do no damage.
The boulder beetle is moderately wounded.
You block the boulder beetle's attack.
You hit the boulder beetle but do no damage.
The boulder beetle is lightly wounded.
You slash the boulder beetle! You freeze the boulder beetle.
The boulder beetle is moderately wounded.
You block the boulder beetle's attack.
You hit the boulder beetle. You freeze the boulder beetle.
The boulder beetle is heavily wounded.
The boulder beetle bites you!!
Aiming: Corrosive Bolt
Press: ? - help, Shift-Dir - straight line, f - stone giant
Aim: a stone giant, quivering large rocks (0% to evade)
The bolt of acid hits the boulder beetle but does no damage.
The boulder beetle is heavily wounded.
The bolt of acid hits the stone giant.
The stone giant is splashed with acid.
The acid corrodes the stone giant!
The stone giant is lightly wounded.
The boulder beetle bites you!!
* * * LOW HITPOINT WARNING * * *
Blink to where?
Press: ? - help, Dir - move target, p - stone giant
As you read the scroll of blinking, it crumbles to dust.
The stone giant throws a large rock.
The large rock hits you!!
You die...

###### #.## #....# .....#
#.# #8§8.##
.....###.#.######B#..#
.....##..#...C.°.C#..#
.....##..#.....'..#..######
.....##..#.######[#.......#
.........# #8'8.###.#.#
.........## #........#.#
..........######@...###.#.#
[..)................###.#.#
###.)..[......##........#.#
..............>#.....####.#
##############.#.....# #.#
# #...# #.#.....# #.# ###
#...# #)#.....####.# ..#
#...# #.####.......#
######...#####.####.#######


You could see a stone giant (corroded) and a boulder beetle.

Vanquished Creatures
  The ghost of Morbidden the Conjurer, a novice OpCj of Cheibriados (D:6)
  A komodo dragon (D:9)
  A hornet (D:6)
  2 wyverns
  7 yaks (D:9)
  Sigmund (D:4)
  3 orc warriors
  2 sky beasts
  3 ogres
  6 centaurs
  3 phantoms
  4 bullfrogs
  A wyvern zombie (D:9)
  8 gnoll sergeants (Bailey)
  2 scorpions
  A water moccasin skeleton (D:6)
  20 killer bees
  13 wights
  2 howler monkeys
  3 centaur skeletons
  8 hounds
  6 gnoll shamans (Bailey)
  8 orc priests
  2 jellies (D:3)
  3 hell rats (D:5)
  Natasha (thrice) (D:3)
  3 iguanas
  8 orc wizards
  3 worker ants
  2 killer bee zombies
  A hound skeleton (D:7)
  A howler monkey zombie (D:8)
  A worker ant zombie (D:4)
  28 gnolls
  6 adders
  5 river rats
  2 shadow imps
  2 white imps
  2 ufetubi (D:8)
  10 oozes (D:3)
  An adder zombie (D:5)
  7 worms
  3 dart slugs
  7 leopard geckos
  34 orcs
  6 giant cockroaches
  7 hobgoblins
  18 jackals
  4 quokkas
  2 ball pythons
  4 bats (D:1)
  4 frilled lizards
  6 goblins
  A jackal zombie (D:4)
  12 kobolds
  2 leopard gecko zombies
  22 rats
328 creatures vanquished.

Vanquished Creatures (others)
  5 fungi (D:3)
  9 toadstools (D:3)
14 creatures vanquished.

Grand Total: 342 creatures vanquished

Notes
Turn   | Place    | Note
-------+----------+-------------------------------------------
     0 | D:1      | Garpagan the Hill Orc Fighter began the quest for the Orb.
     0 | D:1      | Reached XP level 1. HP: 19/19 MP: 1/1
   269 | D:1      | Reached skill level 3 in Axes
   269 | D:1      | Reached XP level 2. HP: 2/27 MP: 2/2
   275 | D:1      | HP: 1/27 [bat (1)]
   922 | D:1      | Reached XP level 3. HP: 33/33 MP: 3/3
  1737 | D:3      | Noticed a phantom
  1752 | D:3      | Reached XP level 4. HP: 32/40 MP: 4/4
  1762 | D:3      | Killed a phantom
  1763 | D:3      | Reached skill level 4 in Axes
  1763 | D:3      | Reached XP level 5. HP: 11/46 MP: 5/5
  2035 | D:3      | Reached skill level 5 in Axes
  2592 | D:3      | Reached XP level 6. HP: 41/53 MP: 6/6
  2647 | D:3      | Reached skill level 6 in Axes
  2786 | D:4      | Noticed Natasha
  2829 | D:3      | Killed Natasha
  2978 | D:3      | Noticed Natasha
  2986 | D:3      | Killed Natasha
  2987 | D:3      | Reached skill level 5 in Armour
  3009 | D:3      | Noticed Natasha
  3022 | D:3      | Killed Natasha
  3023 | D:3      | Reached XP level 7. HP: 47/60 MP: 7/7
  3325 | D:4      | Reached skill level 7 in Axes
  3422 | D:4      | Noticed Sigmund
  3423 | D:4      | Found a staircase to the Ecumenical Temple.
  3443 | D:4      | Killed Sigmund
  3444 | D:4      | Reached skill level 5 in Fighting
  3444 | D:4      | Reached skill level 1 in Dodging
  3446 | D:4      | Reached skill level 8 in Axes
  3465 | D:4      | Reached XP level 8. HP: 51/68 MP: 8/8
  3564 | D:4      | Reached skill level 5 in Shields
  3934 | D:5      | Entered Level 5 of the Dungeon
  4007 | D:5      | Reached skill level 9 in Axes
  4371 | D:5      | Found a sparkling altar of Nemelex Xobeh.
  4658 | D:5      | Found the +2 ratskin cloak {*Rats rPois rN+ Str-1 Int-1
                  | Dex+1}
  5129 | D:6      | Reached skill level 10 in Axes
  5299 | D:6      | Reached XP level 9. HP: 74/75 MP: 9/9
  5379 | D:6      | Found a runed translucent door.
  5531 | D:6      | Noticed a hornet
  5554 | D:6      | Killed a hornet
  5555 | D:6      | Reached skill level 11 in Axes
  5831 | D:6      | Noticed Morbidden's ghost (novice OpCj)
  5870 | D:6      | Killed Morbidden's ghost
  6396 | D:6      | Reached skill level 12 in Axes
  7234 | D:7      | Reached XP level 10. HP: 72/86 MP: 10/10
  7630 | D:8      | Found a flagged portal.
  7639 | Bailey   | Entered a bailey
  7651 | Bailey   | Reached skill level 13 in Axes
  9827 | D:8      | Found Qopor's Antique Armour Emporium.
  9838 | D:8      | Bought a glowing scarf for 224 gold pieces
 10477 | D:9      | Found a large runed translucent door.
 10479 | D:9      | Found a large runed translucent door.
 10548 | D:9      | Reached skill level 14 in Axes
 11099 | D:9      | Reached XP level 11. HP: 69/95 MP: 11/11
 11732 | Temple   | Entered the Ecumenical Temple
 11792 | Temple   | Became a worshipper of Warmaster Okawaru
 12078 | D:10     | Entered Level 10 of the Dungeon
 12323 | D:9      | Reached * piety under Okawaru
 12505 | D:9      | Noticed a boulder beetle
 12507 | D:9      | Noticed a stone giant
 12527 | D:9      | Hit by a large rock thrown by a stone giant

Illustrated notes

Levels and vault maps discovered:
D:1:      ncdulo_lavacross, layout_basic, kennysheep_decorative_pillar
D:2:      layout_basic
D:3:      cheibrodos_fertilizer, layout_rooms, gup_sewer_entry_spiral
D:4:      layout_gridville, minmay_temple_entry_water_ring, uniq_natasha,
          uniq_sigmund
D:5:      wander_guarded_unrand_ratskin, layout_cave_pods, kennysheep_mini_moat
D:6:      layout_cave_pools, hellmonk_ghost_happy_afterlife, lightli_minifort
D:7:      layout_basic
D:8:      layout_basic, serial_shops, nicolae_shop_stone, enter_bailey_1
D:9:      layout_basic, jmf_multi_god_temple2
D:10:     layout_basic, ebering_ghost_funeral_grove
Temple:   kilobyte_greek_temple

Skill      XL: |  1  2  3  4  5  6  7  8  9 10 11 |
---------------+----------------------------------+-----
Axes           | 3 4 5 6 8 10 12 14 | 14.9
Fighting       | 4 5 7 8 9 |  9.2
Armour         | 4 5 6 7 8 9 |  9.4
Shields        | 4 5 6 |  6.8
Dodging        | 1 2 |  2.3
Stealth        | |  0.2

Action                   |  1- 3 |  4- 6 |  7- 9 | 10-12 || total
-------------------------+-------+-------+-------+-------++-------
Melee: War axe           |   107 |   162 |   211 |       ||   480
       Battleaxe         |       |       |   150 |   263 ||   413
       Hand axe          |       |       |       |   127 ||   127
Evoke: Wand              |       |       |       |     2 ||     2
  Use: Scroll            |     4 |     2 |     5 |     4 ||    15
       Potion            |     1 |     1 |     2 |     2 ||     6
Armor: Scale mail        |    35 |       |       |       ||    35
       Plate armour      |    39 |    74 |   236 |   280 ||   629
       Skin              |       |       |    22 |       ||    22
Dodge: Dodged            |    33 |    24 |   108 |   173 ||   338
Block: Kite shield       |    53 |    91 |   130 |    48 ||   322

Table legend: (Time is in decaauts)
 A = Elapsed time spent in this place.
 B = Non-inter-level travel time spent in this place.
 C = Inter-level travel time spent in this place.
 D = Time resting spent in this place.
 E = Time spent auto-exploring this place.
 F = Levels seen in this place.
 G = Mean time per level.
                   A        B        C        D        E       F      G
               +--------+--------+--------+--------+--------+-----+--------+
         Total |  12766 |  12358 |    408 |   3490 |   5981 |  12 | 1063.8 |
       Dungeon |  11235 |  10878 |    357 |   2918 |   5501 |  10 | 1123.5 |
        Temple |    248 |    198 |     50 |      0 |    180 |   1 |  248.0 |
        Bailey |   1282 |   1282 |      0 |    572 |    300 |   1 | 1282.0 |
               +--------+--------+--------+--------+--------+-----+--------+

Top non-repeatable levels by time:
     D:9: 1956 daAuts
     D:3: 1689 daAuts
     D:6: 1649 daAuts
  Bailey: 1282 daAuts
     D:8: 1273 daAuts
     D:5: 1226 daAuts
     D:1: 1092 daAuts
     D:7: 951 daAuts
     D:4: 749 daAuts
     D:2: 638 daAuts
  Temple: 248 daAuts
    D:10: 8 daAuts
